[Event "2nd Serbia Open Masters 2022"]
[Site "Novi Sad"]
[Date "2022.06.28"]
[Round "1.9"]
[White "Bernadskiy, Vitaliy"]
[Black "Koutlas, Nikolaos"]
[Result "1-0"]
[ECO "D35"]
[WhiteElo "2636"]
[BlackElo "2251"]
[Annotator "TA"]
[PlyCount "129"]
[EventDate "2022.06.28"]
[EventType "swiss"]
[EventCountry "SRB"]
[SourceTitle "playchess.com"]
[Source "ChessBase"]
[SourceQuality "1"]
[TimeControl "40/5400+30:900+30"]

1. c4 e6 2. Nc3 d5 3. d4 Nf6 4. cxd5 exd5 5. Bg5 c6 6. e3 Bd6 7. Bd3 O-O 8. Qc2 h6 9. Bh4 Re8 10. Nf3 a5 {[%emt 0:09:05] D35: Queen's Gambit Declined: Exchange Variation.} 11. Bg3 $5 {[%emt 0:00:48][%mdl 4] [#] An interesting side line.} Bxg3 $146 ({Predecessor:} 11... Na6 12. a3 Nc7 13. O-O Ne6 14. Ne5 Nf8 15. f4 Ng4 16. Qe2 Nf6 17. Bh4 Be7 18. Rae1 {0-1 (46) Bluebaum,M (2673)-Xiong,J (2688) Chess.com INT 2022}) 12. hxg3 Qe7 {[%emt 0:08:34] The position is equal.} 13. Rh4 Na6 14. a3 {[%emt 0:04:44] Inhibits Nb4.} c5 15. Kf1 c4 16. Bf5 Nc7 17. Bxc8 Raxc8 18. Re1 (18. a4 $15) 18... b5 $1 $17 19. e4 Nxe4 (19... b4 $1 $17 20. Nxd5 Ncxd5 21. exd5 Qd8) 20. Nxe4 $11 dxe4 21. Rhxe4 Qd6 22. a4 Rxe4 23. Rxe4 Qb4 24. Re5 {[%emt 0:00:54] Hoping for Rc5.} Rb8 25. Rc5 Ne6 26. Rxb5 Rxb5 27. axb5 Qxb5 {[%emt 0:00:05][%mdl 4096] Endgame aiming for ...c3+. KQN-KQN} 28. Qc3 Qd5 29. Nd2 Nxd4 30. Qxc4 Qe5 31. Qd3 Qh5 32. Ke1 Qe5+ 33. Kd1 Nc6 34. Qe4 Qf6 35. f3 Nb4 36. Nc4 g6 37. Ke2 Kh7 38. g4 Nc6 39. Kf2 Kg7 40. Kg3 g5 41. Kf2 Nb4 42. Ke2 Nc6 43. Ke3 Kf8 44. Kd2 Qd8+ (44... a4 $11) 45. Kc3 $16 Nb4 46. Ne3 $1 {[%emt 0:00:00] Prevents Nd5+. Active counter play!} Qb6 47. Nf5 {[%emt 0:00:00] White wants to mate with Qa8+.} Qc5+ ({Black should try} 47... Na2+ 48. Kc4 (48. Kd3 Qb3+ 49. Ke2 Qxb2+ 50. Kf1 Qc1+ 51. Kf2 Qd2+ 52. Kg3 Qf4+ 53. Qxf4 gxf4+ 54. Kxf4 Nb4 $11) 48... Qb4+ 49. Kd5 Qb7+ 50. Kc5 Qxe4 51. fxe4 Nc1) 48. Kb3 $1 {[%emt 0:00:00] Qa8+ would kill now.} ({Don't play} 48. Qc4 $6 Na2+ 49. Kd3 Nb4+ 50. Kc3 Na2+ 51. Kd3 Nb4+ 52. Kc3 $11) 48... Nc6 49. Ka4 {[%emt 0:00:00] Against Qb5+} Qb6 {[%emt 0:02:44] This costs Black the game.} (49... Na7 $16 {keeps fighting.}) 50. b3 $1 $18 Qc5 $2 (50... f6 {is a better defense.} 51. Qc4 Ne7) 51. Qc4 Qb6 52. Nxh6 (52. Qb5 $142 Qc7 53. Qc5+ Kg8 54. Nxh6+ Kh7 55. Nxf7 $1 (55. Qxg5 Qb6 $11)) 52... Ne5 {[%emt 0:02:50] [#]} 53. Qc8+ Ke7 $2 (53... Kg7 54. Nf5+ (54. Qg8+ $2 Kxh6 55. Qh8+ Kg6 $19) 54... Kh7) 54. Nf5+ Kf6 55. Qh8+ Ke6 56. Qe8+ Kd5 57. Qa8+ (57. Qb5+ $142 Qxb5+ 58. Kxb5) 57... Qc6+ $2 (57... Ke6 58. Qxa5 Qc6+ 59. Qb5 Qa8+ 60. Kb4 Qa7 61. Qe8+ Kf6 62. Qd8+ Kg6 63. Qg8+ Kf6 64. Qh8+ Ke6 65. Qc8+ Kd5 66. Qd8+ Nd7 67. Ne3+ Kd4) 58. Qxc6+ Nxc6 {[%emt 0:00:04] KN-KN} 59. Kb5 f6 60. Kb6 Nb4 61. Kxa5 Nd3 62. b4 {[%emt 0:00:00][%cal Bb3b4,Bb4b5,Bb5b6][%mdl 32] Strongly threatening b5.} Ne1 63. b5 Nxg2 64. b6 Kc6 65. Ka6 {[%emt 0:00:00] Weighted Error Value: White=0.24 (precise) /Black=0.34} 1-0

[Event "2nd Serbia Open Masters 2022"]
[Site "Novi Sad"]
[Date "2022.06.28"]
[Round "1.10"]
[White "Jocev, Milan"]
[Black "Adhiban, B.."]
[Result "0-1"]
[ECO "E69"]
[WhiteElo "2317"]
[BlackElo "2616"]
[Annotator "TA"]
[PlyCount "84"]
[EventDate "2022.06.28"]
[EventType "swiss"]
[EventCountry "SRB"]
[SourceTitle "playchess.com"]
[Source "ChessBase"]
[SourceQuality "1"]
[TimeControl "40/5400+30:900+30"]

1. d4 g6 2. Nf3 Bg7 3. c4 d6 4. g3 Nf6 5. Nc3 O-O 6. Bg2 Nbd7 7. O-O e5 8. e4 c6 9. h3 Qb6 10. c5 dxc5 11. dxe5 Ne8 12. Bg5 (12. Na4 $11 Qc7 13. e6 fxe6 14. Ng5) 12... Nxe5 {[%emt 0:15:41] E69: King's Indian: Fianchetto: 6...Nbd7 7 0-0 e5 8 e4 c6 9 h3.} (12... Qxb2 $15 13. Na4 Qb4) 13. Be7 Qxb2 14. Rc1 {[%emt 0:05:12] Black must now prevent Nxe5.} b6 {[%emt 0:07:29][%cal Oc8a6] [#] Black is slightly better.} 15. Re1 $146 {[%emt 0:22:49] [#]} (15. Bxf8 $11 Kxf8 16. Nxe5 Bxe5 17. Rc2) ({Predecessor:} 15. Nxe5 Bxe5 16. Qc2 Qxc2 17. Rxc2 Nc7 18. Bxf8 Kxf8 19. f4 Bxc3 20. Rxc3 Nb5 21. Rcc1 {½-½ (28) Sarrau,J (2366)-Docx,S (2444) Ghent 2018}) 15... Ba6 $1 16. Nxe5 (16. Re3 Nc4) 16... Bxe5 17. Qb3 Qxb3 18. axb3 {[%emt 0:00:06] [#]} Nc7 $1 {[%emt 0:01:58][%cal Be8c7,Bc7e6,Be6d4][%mdl 32] Threatens to win with ...Rfe8.} 19. Bxf8 Kxf8 20. Red1 {[%emt 0:09:52] Inhibits Rd8.} g5 21. Na4 {[%emt 0:06:56] Black continues to play with concentration.} (21. Bf1 $15) 21... Ne6 $17 22. Bf1 Bb7 23. Bc4 Nd4 24. f4 (24. Kg2 $17) 24... gxf4 $19 25. gxf4 Bxf4 26. Rf1 Bxc1 27. Rxf7+ {[%emt 0:00:07] [#]} Kg8 $1 (27... Ke8 28. Rxb7 Bg5 29. Rxh7 $17) 28. Rxb7+ Kh8 {[%emt 0:00:02] Hoping for ...b5.} 29. Bf7 Kg7 30. Kg2 Kf6 31. Kg3 Be3 32. Nb2 Rf8 33. Bh5 (33. e5+ Kxe5 34. Nc4+ Kf6 35. Nd6) 33... Rg8+ {[%emt 0:01:32] Black is clearly winning.} 34. Bg4 h5 35. e5+ Kg5 36. Bd1 Kf5+ 37. Kh2 Bf4+ 38. Kh1 Rg3 39. Rf7+ Kxe5 40. h4 b5 41. Rxa7 Bc1 42. Kh2 Rc3 {[%emt 0:00:30] Weighted Error Value: White=0.34/Black=0.05 (flawless)} ({Worse is} 42... Bxb2 43. Kxg3 c4 44. bxc4 (44. Bxh5 $2 Nf5+ 45. Kh3 c3 $19) 44... bxc4 45. Ra5+ (45. Bxh5 c3 $11) 45... Kd6 46. Kf4 $11 (46. Bxh5 c3 $11)) 0-1

[Event "2nd Serbia Open Masters 2022"]
[Site "Novi Sad"]
[Date "2022.06.28"]
[Round "1.11"]
[White "Aryan Chopra"]
[Black "Isik, Alparslan"]
[Result "1-0"]
[ECO "B90"]
[WhiteElo "2609"]
[BlackElo "2316"]
[Annotator "TA"]
[PlyCount "65"]
[EventDate "2022.06.28"]
[EventType "swiss"]
[EventCountry "SRB"]
[SourceTitle "playchess.com"]
[Source "ChessBase"]
[SourceQuality "1"]
[TimeControl "40/5400+30:900+30"]

1. e4 c5 2. Nf3 d6 3. d4 cxd4 4. Nxd4 Nf6 5. Nc3 a6 6. Be3 e5 7. Nb3 Be6 8. f3 Be7 9. Qd2 h5 10. Nd5 Nxd5 11. exd5 Bf5 {[%emt 0:00:07] B90: Sicilian Najdorf: Unusual White 6th moves, 6 Be3 Ng4 and 6 Be3 e5.} 12. Be2 a5 13. a4 Nd7 {[%emt 0:02:33] The position is equal. 13...0-0 gains popularity.} 14. O-O O-O 15. Bb5 Qc7 16. Rac1 Nf6 17. c4 {[%emt 0:22:13] [#]} Bd7 $146 ({Predecessor:} 17... b6 18. f4 Bd7 19. fxe5 dxe5 20. h3 Rab8 21. Qd3 Bxb5 22. axb5 Nd7 23. Nd2 Bc5 {0-1 (47) Glaser,K (2262)-Cintins,I (2301) ICCF email 2014}) 18. Rfd1 Bxb5 19. cxb5 (19. axb5 a4 20. Na1 Rfc8 $11) 19... Qd7 20. Nxa5 {[%emt 0:08:19] White is more active.} Nxd5 $2 {[%emt 0:03:50] Loses the game.} 21. Qxd5 $18 Rxa5 22. b3 {[%emt 0:00:20] [#] aiming for Bb6.} (22. Qxe5 Rxa4 23. Qxh5 Ra5 $11) 22... Raa8 23. Qxe5 Rac8 24. Qd5 (24. Qxh5 Qe6 25. Bb6 Qxb3 $16) 24... Qe6 $2 (24... Rxc1 25. Bxc1 (25. Rxc1 Bf6 $16) 25... Bf6) 25. Qxe6 {[%emt 0:02:54] White is clearly winning.} fxe6 26. Rxc8 Rxc8 27. Rc1 {[%emt 0:00:05] Inhibits Rc3.} Rxc1+ 28. Bxc1 {[%emt 0:00:05] KB-KB} Bd8 29. b4 b6 30. Be3 Kf7 31. a5 bxa5 32. bxa5 Bxa5 33. b6 {[%emt 0:00:04] Weighted Error Value: White=0.01 (flawless) /Black=0.34} 1-0

[Event "2nd Serbia Open Masters 2022"]
[Site "Novi Sad"]
[Date "2022.06.28"]
[Round "1.12"]
[White "Martic, Ivan"]
[Black "Puranik, Abhimanyu"]
[Result "0-1"]
[ECO "C54"]
[WhiteElo "2314"]
[BlackElo "2608"]
[Annotator "TA"]
[PlyCount "106"]
[EventDate "2022.06.28"]
[EventType "swiss"]
[EventCountry "SRB"]
[SourceTitle "playchess.com"]
[Source "ChessBase"]
[SourceQuality "1"]
[TimeControl "40/5400+30:900+30"]

1. e4 e5 2. Nf3 Nc6 3. Bc4 Bc5 4. c3 Nf6 5. d3 d6 6. O-O a5 {[%emt 0:00:44] C54: Giuoco Piano: 4 c3 Nf6, main lines with 5 d4 and 5 d3.} 7. a4 h6 8. Re1 O-O {[%emt 0:01:15] The position is equal.} 9. Nbd2 Be6 (9... Nh5 {seems wilder.} 10. Nb3 Bb6 11. d4 exd4 12. Nbxd4 Qf6) 10. Bxe6 fxe6 11. Nf1 {[%emt 0:00:41] [#]} Qd7 $146 ({Predecessor:} 11... d5 12. Be3 Bxe3 13. Rxe3 dxe4 14. dxe4 Qxd1 15. Rxd1 Rfd8 16. N1d2 Nd7 17. Ra1 Nc5 {½-½ (34) Praggnanandhaa,R (2537)-L'Ami,E (2647) Reykjavik 2019}) 12. Be3 Bxe3 13. Nxe3 Rf7 14. h3 Raf8 15. Nh2 Ne7 16. Re2 Ng6 17. g3 {[%emt 0:01:33] Against Nf4} d5 18. Qc2 Qc6 19. Neg4 Nd7 20. h4 h5 21. Ne3 Nf6 (21... Ne7 $11 {might be stronger.}) 22. Nef1 $14 Qb6 23. Ne3 c6 24. Rf1 Nd7 25. Kg2 Nf4+ 26. gxf4 exf4 27. Nf3 $2 fxe3 28. Rxe3 Rf4 29. Rh1 Rg4+ 30. Kf1 {[%emt 0:00:11][%cal Bg2f1,Bf1e1,Be1d1,Bd1c1,Bc1b1][%mdl 32] [#]} Qxe3 $3 31. fxe3 Rxf3+ 32. Ke1 Nc5 33. exd5 {[%emt 0:03:27] d4 is the strong threat.} Rxe3+ 34. Kd1 $1 (34. Kf2 $2 Rgg3 35. Rd1 Ref3+ 36. Ke1 Rg1+ 37. Ke2 Rg2+ 38. Kxf3 Rxc2 $19) 34... Rxd3+ 35. Kc1 Rxd5 {[%emt 0:02:57] Black is much more active.} 36. Kb1 e5 (36... Nxa4 $2 37. c4 Rdd4 38. Qxa4 $18) (36... b5 $15 37. Rf1 Ne4) 37. Qf5 $11 e4 38. Qc8+ Kh7 {[%emt 0:00:04] White must now prevent ...e3.} 39. Qe8 Rf5 40. c4 $2 {[%emt 0:00:00] [#]} (40. Qc8 $11 Rd5 41. Qe8) 40... Nd3 $2 (40... Nxa4 41. Qe6 Rgf4 42. Rg1 Rf1+ 43. Rxf1 (43. Ka2 Nc3+ 44. Kb3 Rf6 $17) 43... Rxf1+ 44. Ka2 $11) (40... Rg6 $1 $19 {[%cal Rg6e6] And now ...Re6 would win.} 41. Re1 Re6) 41. b3 (41. Qd7 $1 $15 Rff4 42. Qe7) 41... Nc5 ({Black should play} 41... Ne5 $17 42. Qe6 Rgf4) 42. Rd1 (42. Qc8 $1 $15 Rgf4 43. Rg1) 42... Rg2 ({Worse is} 42... Nxb3 43. Rd8 Rxh4 44. Qh8+ Kg6 45. Qe8+ Kh7 46. Qh8+ Kg6 47. Rd7 Rf1+ 48. Kb2 Rh2+ 49. Ka3 Ra1+ 50. Kxb3 Rb1+ 51. Kc3 Rc1+ 52. Kb3 Rb1+ 53. Ka3 (53. Kc3 Rc1+ 54. Kb3 Rb1+ $11) 53... Ra1+ 54. Kb3 Rb1+ $11) (42... Rxh4 $19 43. Rg1 Rg4 44. Rxg4 hxg4) 43. Qe7 $17 {[%emt 0:01:11] [#]} Rg3 (43... Rg6 $1 $17 {Hoping for ...Re6.} 44. Ka2 Rg4) 44. Kc2 b6 45. Qe8 $1 Rg6 {[%emt 0:05:42] aiming for ...Re6.} 46. Rd8 Rf2+ 47. Kc3 $2 (47. Rd2 $11 Rf5 48. Rd8 Rf2+ 49. Rd2 (49. Kc3 $2 Rg3+ 50. Kd4 Rd3+ 51. Ke5 Rxd8 $19)) 47... Rg3+ {[%emt 0:00:13] Black mates.} 48. Kd4 Rd3+ 49. Ke5 Rxd8 50. Qxd8 e3 51. Qe8 e2 52. Kd6 Rf6+ 53. Kc7 Ne6+ {[%emt 0:00:49] Weighted Error Value: White=0.32/Black=0.21 (precise)} 0-1

[Event "2nd Serbia Open Masters 2022"]
[Site "Novi Sad"]
[Date "2022.06.28"]
[Round "1.13"]
[White "Can, Emre"]
[Black "Anand, Batsukh"]
[Result "1-0"]
[ECO "B24"]
[WhiteElo "2599"]
[BlackElo "2312"]
[Annotator "TA"]
[PlyCount "67"]
[EventDate "2022.06.28"]
[EventType "swiss"]
[EventCountry "SRB"]
[SourceTitle "playchess.com"]
[Source "ChessBase"]
[SourceQuality "1"]
[TimeControl "40/5400+30:900+30"]

1. e4 c5 2. Nc3 e6 3. g3 a6 4. Bg2 Nc6 5. Nh3 Nf6 6. O-O {[%emt 0:00:40] B24: Closed Sicilian: 3 g3 sidelines.} Be7 7. d3 O-O 8. g4 {[%emt 0:07:23][%cal Bg3g4,Bg4g5][%mdl 32] The position is equal.} d6 9. f4 Re8 10. g5 Nd7 {[%emt 0:00:07] [#]} 11. Ne2 $146 ({Predecessor:} 11. Be3 Nf8 12. Qf3 f5 13. exf5 exf5 14. Nd5 Be6 15. Qg3 {½-½ (49) Masovic,S (2061)-Zarkovic,M (1829) Belgrade 2008}) 11... b5 12. Ng3 Bf8 (12... Rb8 $11 {keeps the balance.}) 13. Nf2 Nb6 14. f5 (14. Qh5 $16) 14... exf5 $14 15. exf5 d5 16. c3 Ne5 17. d4 Nec4 18. Ng4 {[%emt 0:06:18] Inhibits Ne3.} cxd4 19. cxd4 (19. Qxd4 Qc7 20. Kh1 Bc5) 19... Bb7 (19... a5 $142) 20. Qd3 Nd6 21. g6 Nd7 22. gxh7+ Kh8 23. f6 $1 g6 (23... Qb6 $16) 24. Bg5 (24. Nh6 $18 {[%cal Oh6f7] Nxf7+! is the strong threat.} Kxh7 25. Ne4 $1 (25. Ng4 Qb6 $11) 25... Nxe4 26. Qh3 Ndxf6 27. Nxf7+ Kg8 28. Nxd8 Raxd8 29. Qh4) 24... Ne4 (24... Qc7 $16) 25. Nxe4 $18 dxe4 26. Qe3 {[%emt 0:00:27] White is much more active.} ({Better is} 26. Qb3 $1 Re6 27. Bh3) 26... Nb6 $2 {[%emt 0:00:46] [#]} (26... Re6 $16) 27. Bh6 $1 {[%emt 0:02:20] aiming for Bxf8.} Nc4 28. Qh3 {[%emt 0:03:11] Really sharp!} (28. Bg7+ Bxg7 29. fxg7+ Kxg7 $11) (28. Qg5 $142 Re6 29. b3 (29. Bg7+ Bxg7 30. fxg7+ Kxg7 $11)) 28... Qxd4+ $2 {[%emt 0:01:26] [#]} (28... Qd6) 29. Kh1 $1 Qd6 30. Bg7+ Bxg7 31. fxg7+ {[%emt 0:00:04][%mdl 64] Discovered Attack} Kxg7 32. Qh6+ {[%emt 0:00:04][%mdl 64] Deflection} Kh8 {[%emt 0:00:10] Hoping for ...f5.} 33. Rxf7 Qd4 {[%emt 0:01:04] Inhibits Qg7+.} 34. Nf6 {[%emt 0:00:15] Weighted Error Value: White=0.19 (very precise) /Black=0.55} 1-0

[Event "2nd Serbia Open Masters 2022"]
[Site "Novi Sad"]
[Date "2022.06.28"]
[Round "1.14"]
[White "Sahithi Varshini M"]
[Black "Sanal, Vahap"]
[Result "0-1"]
[ECO "C41"]
[WhiteElo "2312"]
[BlackElo "2575"]
[Annotator "RC"]
[PlyCount "113"]
[EventDate "2022.06.28"]
[EventType "swiss"]
[EventCountry "SRB"]
[SourceTitle "playchess.com"]
[Source "ChessBase"]
[SourceQuality "1"]
[TimeControl "40/5400+30:900+30"]

1. e4 d6 2. d4 Nf6 3. Nc3 e5 4. Nf3 Nbd7 5. Be3 Be7 6. h3 c6 7. a4 O-O 8. Bd3 Re8 9. O-O Qc7 10. Re1 Nf8 11. a5 Ng6 12. Bc4 h6 13. Bb3 Bf8 14. d5 c5 15. Nd2 Nf4 16. Bxf4 exf4 17. Qf3 g5 18. Nb5 Qd8 19. Qc3 Nd7 20. Nc4 Ne5 21. Nxe5 Rxe5 22. Na3 Bg7 23. Qf3 Re7 24. Nc4 Be5 25. c3 Qf8 26. Bd1 Qg7 27. Qh5 Bd7 28. Ba4 Bc8 29. Bd1 Bd7 30. Ba4 Bxa4 31. Rxa4 Kh7 32. Raa1 Rg8 33. Kf1 Qf8 34. a6 b6 35. Na3 Qe8 36. Qe2 f6 37. Nb5 h5 38. Qd3 Qg6 39. Rad1 Kh8 40. b4 Qe8 41. bxc5 bxc5 42. Rb1 g4 43. hxg4 Rg6 44. g5 Rxg5 45. Qh3 Rg4 46. Rb2 Kg7 47. Rd1 Kh6 48. Rdb1 Qg8 49. Na3 f5 50. Rb7 Reg7 51. Rb8 Qh7 52. Re8 fxe4 53. Rbb8 Re7 54. Nc4 Rxe8 55. Rxe8 e3 56. Re6+ Kg5 57. Kg1 0-1

[Event "2nd Serbia Open Masters 2022"]
[Site "Novi Sad"]
[Date "2022.06.28"]
[Round "1.15"]
[White "Kadric, Denis"]
[Black "Yordanov, Lachezar"]
[Result "1-0"]
[ECO "B23"]
[WhiteElo "2576"]
[BlackElo "2306"]
[Annotator "TA"]
[PlyCount "48"]
[EventDate "2022.06.28"]
[EventType "swiss"]
[EventCountry "SRB"]
[SourceTitle "playchess.com"]
[Source "ChessBase"]
[SourceQuality "1"]
[TimeControl "40/5400+30:900+30"]

1. e4 c5 2. Nc3 d6 3. f4 g6 4. Nf3 Bg7 5. Bb5+ Bd7 6. Bc4 {[%emt 0:00:41] B23: Closed Sicilian: Lines without g3.} Nc6 7. d3 a6 8. O-O {[%emt 1:31:52] The position is equal.} b5 9. Bb3 Nd4 10. Nxd4 cxd4 11. Ne2 Nf6 {[%emt 0:00:00] [#]} 12. e5 $146 ({Predecessor:} 12. f5 gxf5 13. exf5 Ng4 14. Nf4 Nf6 15. Nh5 Kf8 16. Nxf6 exf6 17. Qh5 Be8 18. Bh6 {1-0 (27) Bernadskiy,V (2629)-Matinian,N (2470) Chess.com INT 2020}) 12... Ng4 13. h3 $36 {[%emt 0:00:07][%mdl 2048] White has the initiative.} Nh6 14. Nxd4 dxe5 15. fxe5 {[%emt 0:00:03] [#] aiming for Bxh6.} Bxh3 (15... e6 $16 {was called for.} 16. Qe1 Nf5) 16. c3 $18 {[%emt 0:06:03] Threatens to win with Bxh6.} ({Not} 16. gxh3 Qxd4+ 17. Kg2 O-O $11) 16... Bg4 17. Qe1 e6 (17... Nf5 {might work better.} 18. Qe4 h5 19. Qc6+ (19. Nxf5 Bxf5 20. Qc6+ Kf8 $16) 19... Kf8 20. Bxf7 Kxf7) 18. Qe4 {[%emt 0:03:03] And now Qc6+ would win.} Bf5 19. Qc6+ Kf8 20. Bxe6 ({Weaker is} 20. Bg5 Qe8 21. Qf3 Ng4 22. Nxe6+ (22. Nxf5 gxf5 23. Bxe6 fxe6 $18) 22... fxe6 $18) 20... Kg8 (20... Qe8 $142 21. Qb6 Qd8) 21. Bxf5 Nxf5 22. Nxf5 gxf5 23. Bg5 Qe8 24. Qxe8+ Rxe8 {[%emt 0:00:22] Black did not feel at home in the position after the opening.  Weighted Error Value: White=0.19 (very precise) /Black=0.53} 1-0

[Event "2nd Serbia Open Masters 2022"]
[Site "Novi Sad"]
[Date "2022.06.28"]
[Round "1.16"]
[White "Ivanovic, Marko"]
[Black "Mendonca, Leon Luke"]
[Result "0-1"]
[ECO "B18"]
[WhiteElo "2294"]
[BlackElo "2551"]
[Annotator "TA"]
[PlyCount "84"]
[EventDate "2022.06.28"]
[EventType "swiss"]
[EventCountry "SRB"]
[SourceTitle "playchess.com"]
[Source "ChessBase"]
[SourceQuality "1"]
[TimeControl "40/5400+30:900+30"]

1. e4 c6 2. d4 d5 3. Nc3 dxe4 4. Nxe4 Bf5 5. Ng3 Bg6 6. N1e2 Nf6 7. h4 {[%emt 0:00:25] B18: Classical Caro-Kann: 4...Bf5 sidelines.} h6 8. Nf4 Bh7 9. c3 {[%emt 0:00:40] The position is equal.} Nbd7 10. Bd3 Bxd3 11. Nxd3 e6 12. Be3 Bd6 13. Nh5 {[%emt 0:03:38] [#]} Qa5 $146 ({Predecessor:} 13... Nxh5 14. Qxh5 Nf6 15. Qf3 Qa5 16. Ne5 Bxe5 17. dxe5 Nd7 18. O-O-O O-O-O 19. Qxf7 Qxa2 20. Qxg7 Nxe5 21. Qxe5 Qa1+ 22. Kc2 Qa4+ 23. Kc1 Qa1+ 24. Kc2 {½-½ (24) Pilnik,H-Eliskases,E Mar del Plata 1948}) 14. Nxf6+ (14. Nxg7+ Kf8 15. Nxe6+ (15. b4 $2 Qd5 $19) 15... fxe6 $17) 14... Nxf6 15. Qb3 O-O-O 16. O-O-O Ng4 17. Rhe1 Qf5 18. g3 g5 19. h5 (19. d5 $11) 19... Nxe3 $15 20. Rxe3 g4 21. Qc4 Qxh5 22. Ne5 {[%emt 0:01:36][%cal Oe5c6] Threatens to win with Nxc6!} Qf5 23. Nxc6 $1 bxc6 24. Qxc6+ Bc7 $1 25. Re5 $2 (25. c4 $1 $11) 25... Qf3 $17 26. d5 {[%emt 0:00:11] [#]} (26. Qxf3 $17 {was called for.} gxf3 27. Re3) 26... Kb8 $2 (26... Rd6 $1 $19 27. Qa8+ Bb8) 27. Rd4 $2 {[%emt 0:00:29] [#]} Bb6 $1 $19 ({Stronger than} 27... Qxf2 28. d6 Qg1+ 29. Kc2 $11) 28. Ree4 (28. Rf4 Qh1+ 29. Kc2 Rxd5 30. Rxd5 Qxd5 31. Qxd5 exd5 32. Rxf7) 28... Rc8 ({Weaker is} 28... Bxd4 29. Rxd4 a5 30. Qb6+ Kc8 31. Rc4+ Kd7 32. dxe6+ Ke8 33. exf7+ Kxf7 34. Qc7+ Kg6 35. Rc6+ Qxc6 36. Qxc6+ Kf5 37. Qc5+ Kg6 38. Qc6+ Kf5 39. Qc5+ Ke6 40. Qxa5 $18) 29. Qd6+ Ka8 30. Rf4 Qg2 ({Not} 30... Rxc3+ $2 31. Kd2 Rd8 32. Qe7 Rc2+ 33. Kxc2 Qe2+ 34. Kb3 $19) 31. Ra4 (31. Rd2 $142 Rhd8 32. Qe5) 31... Qf1+ 32. Kc2 $2 (32. Kd2 Bc5 33. Qa6 Qxa6 34. Rxa6) 32... Qe2+ 33. Kc1 Qe1+ (33... Bxf2 $142 {( -> ...Be3+)} 34. Rfe4 Be3+ 35. Rxe3 Qxe3+ 36. Kc2 Qf2+ 37. Kb1 Rhd8) 34. Kc2 {[%emt 0:00:04] Black must now prevent Qxb6.} Qe2+ (34... Bxf2 $142 35. Rfe4 Qg1) 35. Kc1 {[%emt 0:00:11] Qxb6 is the strong threat.} Bxf2 36. a3 Be3+ 37. Kb1 Bxf4 38. Qxf4 Qd1+ 39. Ka2 Qxd5+ 40. c4 Qc6 41. b3 Rhd8 42. Qf2 Rc7 {[%emt 0:00:17] Weighted Error Value: White=0.62/Black=0.51} 0-1

[Event "2nd Serbia Open Masters 2022"]
[Site "Novi Sad"]
[Date "2022.06.28"]
[Round "1.17"]
[White "Basso, Pier Luigi"]
[Black "Eric, Jovana"]
[Result "1-0"]
[ECO "D17"]
[WhiteElo "2570"]
[BlackElo "2301"]
[Annotator "TA"]
[PlyCount "107"]
[EventDate "2022.06.28"]
[EventType "swiss"]
[EventCountry "SRB"]
[SourceTitle "playchess.com"]
[Source "ChessBase"]
[SourceQuality "1"]
[TimeControl "40/5400+30:900+30"]

1. d4 d5 2. c4 c6 3. Nf3 Nf6 4. Nc3 dxc4 5. a4 Bf5 6. Ne5 e6 7. f3 c5 (7... Bb4 {seems wilder.} 8. e4 Bxe4 9. fxe4 Nxe4 10. Bd2 Qxd4 11. Nxe4 Qxe4+ 12. Qe2 Bxd2+ 13. Kxd2 Qd5+) 8. e4 {[%emt 0:00:54] D17: Slav Defence: 5 a4 Bf5: Lines with 6 Nh4 and 6 Ne5.} Bg6 {[%emt 0:00:03] 8...Bg6 scores better than 8...cxd4.} (8... Qxd4 $2 9. Bf4 Qxd1+ 10. Rxd1 $16) 9. Be3 cxd4 10. Qxd4 {[%emt 0:00:06] White is slightly better.} Qxd4 11. Bxd4 Nbd7 12. Nxc4 {[%emt 0:06:01] White is more active.} Bb4 13. Kf2 O-O 14. Be2 Rfd8 15. Rhd1 {[%emt 0:02:09] [#]} Bc5 $146 (15... a6 $142) ({Predecessor:} 15... Nc5 16. Be3 Nfd7 17. Na2 Na6 18. Rxd7 Rxd7 19. Ne5 Rc7 20. Nxg6 hxg6 21. Bxa6 Rc2+ {1-0 (78) Bluvshtein,M (2544)-Feher,G (2390) Zalakaros 2008}) 16. Ke3 (16. Nb5 $16) 16... Kf8 (16... Be7 $14) 17. Bxc5+ $1 $16 Nxc5 18. b4 Na6 (18... Nb3 $2 19. Rab1 $18) 19. Rxd8+ Rxd8 20. Rb1 (20. Na2 {looks sharper.} Nb8 21. Na5 b6 22. Nc4) 20... Rc8 21. Rb3 Nc7 22. Nb5 Nxb5 23. axb5 {[%emt 0:00:03] Ra3 is the strong threat.} Nd7 (23... Rc7 $16) 24. Ra3 $18 Ra8 25. Na5 Rb8 {[%emt 0:02:49] [#]} 26. Rc3 (26. Nb3 $1 $18) 26... b6 (26... Ke8 $16) 27. Nc6 Rc8 28. Ra3 Rc7 29. Nxa7 Nb8 {[%emt 0:00:26] [#]} 30. Nc6 $1 Nxc6 31. Rc3 {[%emt 0:00:19][%mdl 64] Pin} ({Not} 31. bxc6 Rxc6 32. Ra8+ Ke7 $16) 31... Ke7 32. bxc6 {[%emt 0:00:09][%mdl 4096] Endgame KRB-KRB} ({Don't take} 32. Rxc6 $6 Rxc6 33. bxc6 Kd6 $16) 32... e5 33. b5 f6 34. Bc4 Ra7 35. g3 Kd6 36. Rd3+ Ke7 37. f4 exf4+ 38. gxf4 h6 (38... Be8 {was necessary.} 39. Bg8 h6) 39. h4 Be8 40. Kd4 {[%emt 0:00:00] And now Rg3 would win.} Ra8 $2 (40... Ra4 41. Kc3 Ra3+ 42. Bb3 Ra5) 41. Rg3 g6 42. Rg1 Ra4 43. Kc3 Ra3+ (43... Kd6 $142 44. e5+ fxe5 45. fxe5+ Ke7) 44. Kb4 Ra7 45. f5 g5 46. hxg5 hxg5 47. Rd1 Ra8 48. Be6 {[%emt 0:00:13] Black must now prevent c7.} Ra7 49. Rd2 Rc7 50. Kc4 Ra7 51. Rh2 {[%emt 0:00:57] White wants to mate with Rh7+.} Kd6 52. Rh8 Re7 53. Kd4 Kc7 54. e5 {[%emt 0:00:09] Weighted Error Value: White=0.18 (very precise) /Black=0.60} 1-0